 Dungeon Crawl Stone Soup version 0.29.0-4-gdea44cf6ec (webtiles) character file.

Game seed: 11368472922572424318

91 qw the Chopper (level 4, 0/26 HPs)
             Began as a Tengu Warper on Aug 28, 2022.
             Slain by a gnoll
             ... wielding a +0 flail
              (7 damage)
             ... on level 3 of the Dungeon.
             The game lasted 00:00:13 (2778 turns).

qw the Chopper (Tengu Warper)                       Turns: 2778, Time: 00:00:13

Health: 0/26       AC:  5    Str: 12 (13) XL:     4   Next: 57%
Magic:  8/8        EV: 10    Int: 13      God:
Gold:   77         SH:  0    Dex: 12 (14) Spells: 7/7 levels left

rFire   . . .      SeeInvis .   Y - +0 hand axe
rCold   . . .      Faith    .   (no shield)
rNeg    + . .      Spirit   .   f - +0 ring mail
rPois   .          Reflect  .   (helmet restricted)
rElec   .          Harm     .   (no cloak)
rCorr   .          Rampage  .   (no gloves)
Will    .....                   (boots unavailable)
Stlth   +.........              k - amulet of the acrobat
HPRegen 0.08/turn               c - ring of positive energy
MPRegen 0.11/turn               (no ring)

@: no status effects
A: beak, talons 3
a: no special abilities


You were on level 3 of the Dungeon.
You visited 1 branch of the dungeon, and saw 3 of its levels.

You collected 77 gold pieces.


Innate Abilities, Weirdness & Mutations

You have a beak for a mouth.
You have claws for feet.


   Skills:
 - Level 2.0 Fighting
 + Level 5.1 Axes
 - Level 1.0 Throwing
 - Level 1.1 Armour
 - Level 2.1 Dodging
 - Level 2.0 Spellcasting
 - Level 2.4 Translocations


You had 7 spell levels left.
You didn't know any spells.
Your spell library contained the following spells:

 Spells                   Type           Power      Damage    Failure   Level
 Blink                    Tloc           14%        N/A       32%         2
 Gell's Gravitas          Tloc           7%         N/A       54%         3
 Lesser Beckoning         Tloc           7%         N/A       54%         3
 Teleport Other           Tloc           7%         N/A       54%         3
 Manifold Assault         Tloc           7%         N/A       99%         5

Inventory:

Hand Weapons
 b - a +0 mace
 Y - a +0 hand axe (weapon)
Missiles
 j - 9 boomerangs (quivered)
Armour
 f - a +0 ring mail (worn)
Jewellery
 c - a ring of positive energy (left hand)
 k - an amulet of the acrobat (around neck)
Scrolls
 h - a scroll of identify
Potions
 a - a potion of magic {unknown}
 d - a potion of heal wounds
 e - a potion of curing

Dungeon Overview and Level Annotations

Branches:
Dungeon (3/15)

Altars:


Message History

The gnoll shouts!
You hear a shout!
A gnoll comes into view. It is wielding a +0 halberd.
The gnoll moves out of view.
2768 ||| Stepping ~*~*~tactically~*~*~ (hiding).
A gnoll comes into view. It is wielding a +0 spear.
2769 ||| Stepping ~*~*~tactically~*~*~ (hiding).
Found a long jewelled staff.
The gnoll misses you. The gnoll closely misses you.
You hit the gnoll. Your kick misses the gnoll. You peck the gnoll.
The gnoll is moderately wounded.
The gnoll closely misses you.
The gnoll hits you from afar with a +0 halberd.
The gnoll hits you with a +0 flail.
The gnoll hits you from afar with a +0 halberd.
You hit the gnoll. Your peck misses the gnoll.
The gnoll is moderately wounded.
A worm comes into view.
The gnoll barely misses you. x2
2773 ||| Stepping ~*~*~tactically~*~*~ (stealth).
A gnoll comes into view. It is wielding a +0 flail.
The gnoll shouts!
You barely miss the gnoll.
The gnoll is moderately wounded.
The gnoll hits you with a +0 flail!
You hit the gnoll but do no damage.
The gnoll is moderately wounded.
The gnoll hits you with a +0 flail.
2776 ||| DRINKING 2 potions of heal wounds.
You feel much better. The gnoll closely misses you.
The gnoll hits you but does no damage.
You hit the gnoll. Your peck misses the gnoll.
The gnoll is severely wounded.
You hit the gnoll but do no damage. The gnoll barely misses you.
The gnoll hits you with a +0 flail!
The gnoll hits you from afar with a +0 spear.
You hit the gnoll but do no damage. Your kick misses the gnoll.
The gnoll is severely wounded.
You hit the gnoll but do no damage. The gnoll hits you with a +0 flail! x2
You die...

#.......... #..........
#......... ........ #.....###.
###.........
##########....g...w.. #.#
#............g# .....
#............@# #.#..
#.............gg.w... .....
#....................#####.#.#
#####........#.#...........#.#
#........#.#.....##.......
#........#.) .#.#....%<...
#........#... # #.#.......
###........#.####.#...###...
#.................###.###...


You could see a worm and 4 gnolls.

Vanquished Creatures
  4 adders
  A worm (D:2)
  A dart slug (D:1)
  4 ball pythons
  An endoplasm (D:3)
  5 giant cockroaches
  8 goblins
  5 hobgoblins
  3 quokkas (D:1)
  7 bats
  2 frilled lizards (D:1)
  3 kobolds
  A rat (D:2)
45 creatures vanquished.

Notes
Turn   | Place    | Note
-------+----------+-------------------------------------------
     0 | D:1      | qw the Tengu Warper began the quest for the Orb.
     0 | D:1      | Reached XP level 1. HP: 12/12 MP: 4/4
     0 | D:1      | 0 ||| qw: Version: 0.1-a-89-g26bdef1
     0 | D:1      | 0 ||| qw: Game counter: 581
     0 | D:1      | 0 ||| qw: Always use a shield: true
     0 | D:1      | 0 ||| qw: God list: Okawaru
     0 | D:1      | 0 ||| qw: Allow faded altars: false
     0 | D:1      | 0 ||| qw: Do Orc after D:15 true
     0 | D:1      | 0 ||| qw: Do second Lair branch before Depths: true
     0 | D:1      | 0 ||| qw: Lair rune preference: random
     0 | D:1      | 0 ||| qw: Plans: Normal
     0 | D:1      | 0 ||| PLANNING D:1-11
    64 | D:1      | 64 ||| Stepping ~*~*~tactically~*~*~ (stealth).
    65 | D:1      | 65 ||| Stepping ~*~*~tactically~*~*~ (stealth).
   131 | D:1      | Reached skill level 3 in Axes
   131 | D:1      | Reached XP level 2. HP: 17/17 MP: 6/6
   872 | D:1      | Reached XP level 3. HP: 18/21 MP: 7/7
  1137 | D:1      | Reached skill level 4 in Axes
  1387 | D:1      | 1387 ||| UPGRADING to +0 ring mail.
  1397 | D:1      | 1397 ||| DROPPING +0 leather armour.
  1398 | D:1      | 1398 ||| UPGRADING to amulet of the acrobat.
  1403 | D:1      | 1403 ||| READING scroll labelled UKHIQU SUSHUNI.
  1404 | D:1      | 1404 ||| READING scroll labelled VOSURO ORUETAU.
  1405 | D:1      | 1405 ||| DRINKING 2 fuming white potions.
  1406 | D:1      | 1406 ||| DRINKING 2 pink potions.
  1407 | D:1      | 1407 ||| DROPPING scroll of blinking.
  1408 | D:1      | 1408 ||| DROPPING potion of degeneration.
  1477 | D:2      | 1477 ||| DROPPING +0 club.
  1480 | D:2      | 1480 ||| Stepping ~*~*~tactically~*~*~ (stealth).
  1484 | D:2      | 1484 ||| Stepping ~*~*~tactically~*~*~ (stealth).
  1486 | D:2      | 1486 ||| Stepping ~*~*~tactically~*~*~ (stealth).
  1490 | D:2      | 1490 ||| FLEEEEING.
  1491 | D:2      | 1491 ||| FLEEEEING.
  1492 | D:2      | 1492 ||| FLEEEEING.
  1497 | D:2      | 1497 ||| STAIRDANCE
  1653 | D:2      | 1653 ||| Stepping ~*~*~tactically~*~*~ (stealth).
  1910 | D:2      | Reached XP level 4. HP: 26/26 MP: 8/8
  2282 | D:2      | Found a faded altar of an unknown god.
  2311 | D:2      | 2311 ||| UPGRADING to ring of positive energy.
  2312 | D:2      | 2312 ||| READING scroll labelled ROAT MENAQAMMEUM.
  2413 | D:2      | 2413 ||| READING 2 scrolls labelled XETOWN ON RAN.
  2414 | D:2      | 2414 ||| READING scroll labelled MUKKEY CIFU.
  2418 | D:2      | 2418 ||| DRINKING 2 smoky clear potions.
  2436 | D:3      | 2436 ||| STAIRDANCE
  2439 | D:2      | HP: 6/26 [poisoned by an adder]
  2706 | D:3      | Reached skill level 5 in Axes
  2768 | D:3      | 2768 ||| Stepping ~*~*~tactically~*~*~ (hiding).
  2769 | D:3      | 2769 ||| Stepping ~*~*~tactically~*~*~ (hiding).
  2773 | D:3      | 2773 ||| Stepping ~*~*~tactically~*~*~ (stealth).
  2775 | D:3      | HP: 5/26 [gnoll/+0 flail (6)]
  2776 | D:3      | 2776 ||| DRINKING 2 potions of heal wounds.
  2778 | D:3      | Slain by a gnoll

Levels and vault maps discovered:
D:1:      lightli_arrival_statue_moat, layout_basic
D:2:      layout_basic, shapermc_ecumenical_altar_ellora,
          grunt_decor_mini_mirrors
D:3:      layout_basic, uniq_jessica

Skill      XL: |  1  2  3  4 |
---------------+-------------+-----
Axes           | 3 4 5 |  5.1
Fighting       | |  2.0
Throwing       | |  1.0
Armour         | |  1.1
Dodging        | |  2.1
Spellcasting   | |  2.0
Translocations | |  2.4

Action                   |  1- 3 |  4- 6 || total
-------------------------+-------+-------++-------
Melee: Hand axe          |    90 |    34 ||   124
       Kick              |    17 |     4 ||    21
       Punch             |     1 |       ||     1
       Peck              |    12 |     6 ||    18
Throw: Boomerang         |    25 |    11 ||    36
  Use: Scroll            |     2 |     3 ||     5
       Potion            |     2 |     2 ||     4
Armor: Leather armour    |    14 |       ||    14
       Ring mail         |    15 |    11 ||    26
Dodge: Dodged            |    47 |    23 ||    70

Table legend:
 A = Non-vault XP
 B = Vault XP
 C = Vault XP percentage of total XP
 D = Non-vault monster count
 E = Vault monster count
 F = Vault count percentage of total count
                 A         B        C        D         E       F
            +---------+---------+-------+---------+---------+-------
      Total |     130 |       0 |   0.0 |      45 |       0 |   0.0
            +---------+---------+-------+---------+---------+-------
        D:1 |      49 |       0 |   0.0 |      26 |       0 |   0.0
        D:2 |      51 |       0 |   0.0 |      14 |       0 |   0.0
        D:3 |      30 |       0 |   0.0 |       5 |       0 |   0.0
            +---------+---------+-------+---------+---------+-------
